 Dungeon Crawl Stone Soup version 0.27-a0-1525-g1038ab4fd7 (webtiles) character file.

Game seed: 13173715907022269496

2543474 Ge0ff the Conqueror (level 27, 273/273 HPs)
             Began as a Minotaur Monk on July 10, 2021.
             Was the Champion of Jiyva.
             Escaped with the Orb
             ... and 4 runes!
             The game lasted 02:56:08 (63992 turns).

Ge0ff the Conqueror (Minotaur Monk)                Turns: 63992, Time: 02:56:08

Health: 273/273    AC: 34    Str: 25    XL:     27
Magic:  29/29      EV: 25    Int: 13    God:    Jiyva [******]
Gold:   924        SH: 19    Dex: 22    Spells: 33/36 levels left

rFire    + + .     SeeInvis .   a - +10 long sword "Atiujail" {speed, Dex+3}
rCold    + + .     Faith    .   w - +4 kite shield {reflect}
rNeg     + . .     Spirit   .   S - +7 chain mail of the World {Will+ Int-3 Slay+6 Stlth+}
rPois    +         Reflect  +   r - +0 hat "Hahomieph" {rPois Int-5 Dex+5}
rElec    +         Harm     .   D - +2 cloak {Will+}
rCorr    +         Rampage  .   Q - +2 pair of gloves {Str+3}
Will     ++++.                  C - +2 pair of boots {Fly}
Stlth    +.........             Y - amulet of Gabonlum {rC++ Regen+}
HPRegen  1.55/turn              P - ring of Goeseg {rPois rF+ rN+, =R}
MPRegen  0.21/turn              p - ring of Starshine {rElec rF+ rCorr Str+3 Dex+3}

@: flying, studying Maces & Flails
A: horns 2, retaliatory headbutt, clever 1, sense surroundings 1, shaggy fur 1,
wild magic 1, eyeballs 2, pseudopods 1, translucent skin 1, tendrils
0: Orb of Zot
}: 4/15 runes: decaying, serpentine, slimy, silver
a: Renounce Religion, Request Jelly, Slimify, Cure Bad Mutation


You escaped.
You worshipped Jiyva.
Jiyva was exalted by your worship.
You visited 10 branches of the dungeon, and saw 54 of its levels.
You also visited: Trove, Bailey, Gauntlet and Desolation.

You collected 6108 gold pieces.
You spent 5184 gold pieces at shops.

Inventory:

Hand Weapons
 a - the +10 long sword "Atiujail" (weapon) {speed, Dex+3}
   (You found it on level 5 of the Pits of Slime)

   Attacks with this weapon are significantly faster.
   Dex:       It affects your dexterity (+3).
 b - a +8 double sword of electrocution
 x - the +10 rapier "Gere Xam" {speed, rElec Int+2 Stlth+}
   (You bought it in a shop on level 5 of the Depths)

   Attacks with this weapon are significantly faster.
   Int:       It affects your intelligence (+2).
   rElec:     It insulates you from electricity.
   Stlth:     It makes you more stealthy.
Missiles
 f - 829 stones (quivered)
 g - 3 throwing nets {=f}
 u - 900 arrows
 v - 3 curare-tipped darts {=f}
 A - 750 bolts
 X - 20 javelins
Armour
 r - the +0 hat "Hahomieph" (worn) {rPois Int-5 Dex+5}
   (You found it on level 2 of the Orcish Mines)

   Int:       It affects your intelligence (-5).
   Dex:       It affects your dexterity (+5).
   rPois:     It protects you from poison.
 t - the +2 crystal plate armour of the Swamp {rF+ Regen+ rCorr Str+2}
   (You acquired it on level 5 of the Depths)

   Str:       It affects your strength (+2).
   rF:        It protects you from fire.
   Regen:     It increases your rate of health regeneration.
   rCorr:     It protects you from acid and corrosion.
 w - a +4 kite shield of reflection (worn)
 C - a +2 pair of boots of flying (worn)
 D - a +2 cloak of willpower (worn)
 Q - a +2 pair of gloves of strength (worn)
 S - the +7 chain mail of the World (worn) {Will+ Int-3 Slay+6 Stlth+}
   (You found it on level 3 of the Elven Halls)

   Int:       It affects your intelligence (-3).
   Slay:      It affects your accuracy & damage with ranged weapons and melee
   (+6).
   Will:      It increases your willpower.
   Stlth:     It makes you more stealthy.
Jewellery
 h - the ring of Xom's Ringing Laughter {Ice Str+2 Int+3 SInv}
   (You took it off a minotaur in a Gauntlet)

   [ring of ice]

   It enhances your ice magic.
   Str:       It affects your strength (+2).
   Int:       It affects your intelligence (+3).
   rF:        It makes you vulnerable to fire.
   rC:        It protects you from cold.
   SInv:      It lets you see invisible.
 p - the ring of Starshine (right hand) {rElec rF+ rCorr Str+3 Dex+3}
   (You found it in a treasure trove)

   [ring of protection from fire]

   Str:       It affects your strength (+3).
   Dex:       It affects your dexterity (+3).
   rF:        It protects you from fire.
   rElec:     It insulates you from electricity.
   rCorr:     It protects you from acid and corrosion.
 y - the ring "Ylifipn" {+Blink rF++ EV+4}
   (You took it off a vault guard on level 5 of the Vaults)

   [ring of evasion]

   EV:        It affects your evasion (+4).
   rF:        It greatly protects you from fire.
   +Blink:    It lets you blink.
 L - the ring "Jaracoli" {rElec rN++ MP+9 EV+4}
   (You took it off a deep elf archer on level 3 of the Elven Halls)

   [ring of evasion]

   EV:        It affects your evasion (+4).
   rElec:     It insulates you from electricity.
   rN:        It greatly protects you from negative energy.
   MP:        It affects your magic capacity (+9).
 P - the ring of Goeseg (left hand) {rPois rF+ rN+, =R}
   (You found it in a treasure trove)

   [ring of protection from fire]

   rF:        It protects you from fire.
   rPois:     It protects you from poison.
   rN:        It protects you from negative energy.
 Y - the amulet of Gabonlum (around neck) {rC++ Regen+}
   (You found it in a treasure trove)

   [amulet of regeneration]

   rC:        It greatly protects you from cold.
   Regen:     It increases your rate of health regeneration.
Wands
 d - a wand of digging (11)
 e - a wand of charming (31)
 j - a wand of acid (11)
 k - a wand of iceblast (65)
 s - a wand of mindburst (27)
Scrolls
 i - 17 scrolls of identify
 m - 6 scrolls of magic mapping
 B - 6 scrolls of blinking
 E - 7 scrolls of fear
 F - 5 scrolls of fog
 J - 2 scrolls of silence {!r}
 T - 19 scrolls of teleportation
 V - 5 scrolls of vulnerability
Potions
 o - 19 potions of ambrosia
 q - 27 potions of curing
 G - 3 potions of mutation {!q}
 H - 5 potions of haste {!q}
 I - 4 potions of invisibility
 K - 5 potions of magic {!q}
 M - a potion of might
 N - 6 potions of cancellation {!q}
 R - 4 potions of resistance
 W - 10 potions of heal wounds {!q}
 Z - 6 potions of berserk rage {!q}
Miscellaneous
 c - a condenser vane
 l - a lightning rod (4/4)
 n - a phial of floods
 O - a box of beasts
 U - a phantom mirror


   Skills:
 O Level 27 Fighting
 - Level 10.6(14.0) Short Blades
 - Level 16.0(17.2) Long Blades
 - Level 16.0 Throwing
 + Level 26.7 Armour
 + Level 22.5 Dodging
 - Level 1.5 Stealth
 - Level 15.0 Shields
 - Level 5.0 Spellcasting
 - Level 10.0 Translocations
 + Level 17.7 Evocations


You had 33 spell levels left.
You knew the following spells:

 Your Spells              Type           Power      Damage    Failure   Level
c - Blink                 Tloc           N/A        N/A       2%          2
g - Apportation           Tloc           76%        N/A       1%          1

Your spell library contained the following spells:

 Spells                   Type           Power      Damage    Failure   Level
 Gell's Gravitas          Tloc           19%        N/A       3%          3
 Lesser Beckoning         Tloc           19%        N/A       3%          3
 Teleport Other           Tloc           38%        N/A       3%          3
 Portal Projectile        Hex/Tloc       42%        N/A       22%         3
 Manifold Assault         Tloc           38%        N/A       26%         5
 Animate Skeleton         Necr           8%         N/A       47%         1
 Beastly Appendage        Tmut           8%         N/A       47%         1
 Corona                   Hex            4%         N/A       47%         1
 Freeze                   Ice            16%        1d4       47%         1
 Magic Dart               Conj           16%        1d3       47%         1
 Pain                     Necr           16%        1d4       47%         1
 Sandblast                Erth           8%         2d5       47%         1
 Shock                    Conj/Air       16%        1d4       47%         1
 Sting                    Tmut/Pois      16%        1d3       47%         1
 Summon Small Mammal      Summ           16%        N/A       47%         1
 Call Imp                 Summ           4%         N/A       63%         2
 Ensorcelled Hibernation  Hex/Ice        8%         N/A       63%         2
 Passwall                 Tmut/Erth      3%         N/A       63%         2
 Poisonous Vapours        Pois/Air       8%         N/A       63%         2
 Searing Ray              Conj           8%         3d3       63%         2
 Slow                     Hex            4%         N/A       63%         2
 Static Discharge         Conj/Air       4%         N/A       63%         2
 Call Canine Familiar     Summ           4%         N/A       83%         3
 Confusing Touch          Hex            4%         N/A       83%         3
 Frozen Ramparts          Ice            8%         1d2       83%         3
 Mephitic Cloud           Conj/Pois/Air  4%         N/A       83%         3
 Spider Form              Tmut/Pois      2%         N/A       83%         3
 Summon Guardian Golem    Hex/Summ       4%         N/A       83%         3
 Swiftness                Air            4%         N/A       83%         3
 Airstrike                Air            2%         N/A       99%         4
 Animate Armour           Summ/Erth      8%         N/A       99%         4
 Cause Fear               Hex            2%         N/A       99%         4
 Dispel Undead            Necr           4%         3d7       99%         4
 Hailstorm                Conj/Ice       4%         3d4       99%         4
 Ice Form                 Ice/Tmut       4%         N/A       99%         4
 Leda's Liquefaction      Hex/Erth       2%         N/A       99%         4
 Olgreb's Toxic Radiance  Pois           4%         N/A       99%         4
 Sticky Flame             Conj/Fire      4%         2d3       99%         4
 Summon Ice Beast         Ice/Summ       4%         N/A       99%         4
 Agony                    Necr           4%         N/A       100%        5
 Alistair's Intoxication  Tmut/Pois      2%         N/A       100%        5
 Blade Hands              Tmut           2%         N/A       100%        5
 Bolt of Magma            Conj/Fire/Erth 2%         4d4       100%        5
 Excruciating Wounds      Necr           2%         N/A       100%        5
 Fireball                 Conj/Fire      2%         3d4       100%        5
 Freezing Cloud           Conj/Ice/Air   2%         6-21      100%        5
 Irradiate                Conj/Tmut      2%         3d14      100%        5
 Lee's Rapid Deconstruct  Erth           2%         3d5*      100%        5
 Lightning Bolt           Conj/Air       2%         1d13      100%        5
 Summon Mana Viper        Hex/Summ       4%         N/A       100%        5
 Yara's Violent Unravell  Hex/Tmut       2%         3d3       100%        5
 Eringya's Noxious Bog    Tmut/Pois      2%         N/A       100%        6
 Invisibility             Hex            2%         N/A       100%        6
 Iron Shot                Conj/Erth      2%         9d2       100%        6
 Shadow Creatures         Summ           N/A        N/A       100%        6
 Simulacrum               Ice/Necr       2%         N/A       100%        6
 Starburst                Conj/Fire      2%         8x6d3     100%        6
 Statue Form              Tmut/Erth      2%         N/A       100%        6
 Dragon Form              Tmut           2%         N/A       100%        7
 Malign Gateway           Summ/Tloc      10%        N/A       100%        7
 Monstrous Menagerie      Summ           2%         N/A       100%        7
 Ozocubu's Refrigeration  Ice            2%         4d5       100%        7
 Borgnjor's Revivificati  Necr           2%         N/A       100%        8
 Ignition                 Fire           2%         3d3       100%        8
 Maxwell's Capacitive Co  Air            2%         ∞         100%        8
 Necromutation            Tmut/Necr      2%         N/A       100%        8
 Summon Horrible Things   Summ           2%         N/A       100%        8
 Death's Door             Necr           2%         N/A       100%        9
 Polar Vortex             Ice            2%         N/A       100%        9


Dungeon Overview and Level Annotations

Branches:
Dungeon (15/15)            Temple (0/1) D:7            Lair (6/6) D:11
  Swamp (4/4) Lair:2        Snake (4/4) Lair:3        Slime (5/5) Lair:5
    Orc (2/2) D:10            Elf (3/3) Orc:2        Vaults (5/5) D:14
  Crypt (0/3) Vaults:2     Depths (5/5) D:15            Zot (5/5) Depths:5
 Bailey (visited)         Desolation (visited)      Gauntlet (visited)

Altars:
Ashenzari
Dithmenos
Fedhas
Kikubaaqudgha
Okawaru
Qazlal
Ru
Sif Muna
Uskayaw
Xom
Yredelemnul
Beogh
Jiyva
Lugonu

Shops:
D:6 [   D:10 (   D:11 ?   D:12 *   D:14 ![*(   Orc:2 !=:(   Elf:1 [
Snake:1 *:*[   Vaults:4 (   Depths:3 *   Depths:4 [   Depths:5 ((

Portals:
Hell: Depths:1 Depths:2 Depths:3 Depths:5
Abyss: Lair:1 Depths:2 Depths:5
Pandemonium: Depths:3
Ziggurat: Depths:2

Annotations:
Slime:5 Royal Jelly


Innate Abilities, Weirdness & Mutations

You have a pair of horns on your head.
You reflexively headbutt those who attack you in melee.
Your mind is acute. (Int +2)
You passively map a small area around you.
You are covered in fur. (AC +1)
Your spells are a little harder to cast, but a little more powerful.
Your body has grown many golden eyes which may confuse attackers. (Acc +5)
Armour fits poorly on your pseudopods.
Your translucent skin slightly reduces your foes' accuracy. (Stealth+)
You are covered in slimy tendrils that may disarm your opponents.


Message History

You hear a slurping noise. x2
The jelly splits in two!
Drop what? 51/52 slots (_ for help) (? for menu, Esc to quit)
You drop 10 bolts.
You hear a slurping noise.
You swap places.
You hear a slurping noise.
Jiyva appreciates your sacrifice.
You swap places.
You hear a slurping noise.
Drop what? 51/52 slots (_ for help) (? for menu, Esc to quit)
You drop 10 bolts.
You hear a slurping noise.
You swap places.
You hear a slurping noise. x2
The jelly splits in two!
You hear a slurping noise.
Jiyva appreciates your sacrifice.
The jelly splits in two!
Drop what? 51/52 slots (_ for help) (? for menu, Esc to quit)
You drop 100 arrows.
You swap places.
You hear a slurping noise.
Jiyva appreciates your sacrifice.
You swap places.
You hear a slurping noise.
The jelly splits in two!
You swap places.
You hear a slurping noise.
There is a staircase leading out of the dungeon here.
You start waiting.
You hear a slurping noise.
Jiyva alters your body.
Your skin's translucency fades.
You hear a slurping noise.
You hear a slurping noise.
You hear a slurping noise.
You hear a slurping noise.
You hear a slurping noise.
Jiyva appreciates your sacrifice.
You hear a slurping noise.
Jiyva appreciates your sacrifice.
You hear a slurping noise.
You hear a slurping noise.
You hear a slurping noise.
You hear a slurping noise.
Jiyva appreciates your sacrifice.
You swap places.
There is a staircase leading out of the dungeon here.
You have escaped!

..#.## #..##............#
.##..#######.###............#
####....#....# #......#######
## ###..#.#### #......#
.###...###########....#
...#...#8≈§≈≈≈≈≈8#....#
.#...#.#§JJJ.J..J#....#
.###.#.#..JJ.J.J.#....#####
.# #.#.'..JJ8JJ.@#........#
.###.#.'..J.8JJJ.#........#
.#...#.#...JJ...J###.######
##.#.#.#....J....# #.##
.2.....#8≈≈≈≈≈≈≈8# #..#
J###...########### #..# .#
##.## #.# ##..# ## #..#
#.######...# ####.##
#.....##...#


You could see 21 neutral jellies (fellow slime).

Vanquished Creatures
  A dread lich (Zot:5)
  5 orbs of fire (Zot:5)
  3 juggernauts
  The ghost of p0werm0de the Executioner, a veteran MiCK of Xom (Zot:5)
  A pandemonium lord (Depths:2)
  Margery (Depths:5)
  Xtahua (Vaults:3)
  4 Killer Klowns (Zot:5)
  2 curse toes (Zot:4)
  A caustic shrike (Depths:4)
  A profane servitor (Zot:5)
  15 golden dragons
  Nikola (Snake:4)
  The ghost of p0werm0de the Slayer, an adept MiCK of Xom (Vaults:4)
  An electric golem (Zot:5)
  8 liches
  21 tentacled monstrosities
  24 Orb Guardians
  A Hell Sentinel (Depths:5)
  13 quicksilver dragons
  4 titans
  3 deep elf blademasters
  2 deep elf master archers (Elf:3)
  4 sphinxes
  Kirke (Lair:4)
  13 storm dragons
  4 death cobs
  15 tengu reavers
  8 shadow dragons
  5 draconian monks
  A thorn hunter (Swamp:4)
  Donald (Orc:1)
  8 nagarajas
  15 frost giants
  A fenstrider witch (Swamp:4)
  7 draconian knights
  A balrug (Zot:2)
  8 deep elf sorcerers
  10 fire giants
  9 iron dragons
  A cacodemon (D:1)
  2 orc warlords
  15 vault wardens
  6 draconian scorchers
  3 ghost moths
  3 imperial myrmidons (Desolation)
  5 draconian stormcallers
  7 draconian annihilators
  3 deep elf elementalists
  A warmonger (D:1)
  Louise (Depths:2)
  2 curse skulls
  4 war gargoyles
  A reaper (D:1)
  An angel (D:10)
  2 spriggan defenders (Depths:4)
  2 draconian shifters
  18 very ugly things
  28 stone giants
  17 ironbound preservers
  8 green draconians
  13 deep elf demonologists
  2 vampire knights
  10 deep elf annihilators
  Nessos (D:14)
  12 black draconians
  A black sun (D:1)
  A halazid warlock (Desolation)
  13 purple draconians
  A bunyip (Swamp:4)
  12 white draconians
  8 spark wasps
  14 dire elephants
  A purple draconian (shapeshifter) (Zot:2)
  A minotaur (Gauntlet)
  9 red draconians
  7 yellow draconians
  2 crystal guardians
  5 deep elf death magi
  An eleionoma (Swamp:1)
  13 ettins
  2 green deaths
  Josephine (Snake:1)
  8 ragged hierophants
  10 fire dragons
  5 peacekeepers
  8 deep elf high priests
  7 ironbound thunderhulks
  13 yaktaur captains
  11 ice dragons
  2 jiangshi (Depths:5)
  8 servants of whispers (Desolation)
  12 naga warriors
  2 spriggan air magi
  6 salamander tyrants (Snake:4)
  6 ironbound frosthearts
  9 rakshasas
  The ghost of Dosewi the Thaumaturge, a journeyman DECj of Vehumet (Lair:4)
  2 ogre magi
  9 centaur warriors
  A hell beast (D:1)
  2 ghost crabs
  41 vault guards
  20 hydras
  5 boulder beetles
  21 anacondas
  5 two-headed ogres
  A catoblepas (Lair:6)
  8 alligators
  18 death yaks
  11 naga sharpshooters
  A vampire mage (Depths:5)
  8 tengu warriors
  7 orc high priests
  4 deep troll earth magi
  5 deep troll shamans
  A shock serpent (shapeshifter) (Vaults:5)
  8 shock serpents
  27 dancing weapons
  14 deep elf knights
  13 ironbound beastmasters
  6 spriggan berserkers
  25 hell knights
  2 soul eaters
  An iron troll (Depths:5)
  14 salamander mystics
  9 skeletal warriors
  44 deep trolls
  4 goliath frogs
  A fire crab (shapeshifter) (D:15)
  A death drake (Swamp:3)
  10 swamp dragons
  7 bog bodies
  An infernal demonspawn (D:1)
  A flayed ghost (Depths:4)
  13 naga ritualists
  5 spriggan druids
  An obsidian statue (Zot:4)
  8 wizards
  19 ironbound convokers
  A harpy (Vaults:2)
  9 necromancers
  26 deep elf pyromancers
  41 deep elf zephyrmancers
  20 lindwurms
  Pikel (D:5)
  2 harpies (shapeshifter)
  18 orc knights
  11 deep elf archers
  5 phantasmal warriors
  An orb spider (Zot:2)
  7 oklob plants
  11 mana vipers
  A tengu skeleton (Vaults:2)
  38 ugly things
  8 orc sorcerers
  2 will-o-the-wisps (Swamp:4)
  12 cyclopes
  17 salamanders
  16 moths of wrath
  A manticore (D:12)
  13 elephants (Lair:6)
  17 guardian serpents
  An elephant (shapeshifter) (Vaults:5)
  13 vault sentinels
  A smoke demon (Depths:3)
  21 naga magi
  2 centaur skeletons (D:11)
  11 cane toads
  57 black mambas
  2 orange demons (D:1)
  3 freezing wraiths
  29 yaktaurs
  3 torpor snails
  A tormentor (D:15)
  An ice devil (Depths:2)
  A rime drake (Lair:6)
  A red devil (Depths:3)
  A kobold demonologist (D:12)
  4 hellwings
  5 komodo dragons
  2 harpy zombies (Zot:2)
  6 tengu conjurers
  7 polar bears
  3 bloated husks (Swamp:1)
  3 meliai (D:14)
  A queen bee (D:14)
  4 hornets
  5 trolls
  64 saltlings
  7 tyrant leeches
  A dream sheep (Lair:6)
  10 blink frogs (Lair:6)
  An ettin zombie (Vaults:3)
  A snapping turtle (shapeshifter) (Depths:4)
  3 raiju
  7 wraiths
  Sigmund (D:3)
  A centaur simulacrum (D:12)
  3 spriggans
  6 water elementals
  2 air elementals
  3 shadows
  A fire elemental (Elf:2)
  2 humans (Lair:4)
  2 chaos spawn
  A wyvern (D:11)
  47 yaks
  4 basilisks
  7 vampire mosquitoes
  3 steam dragons
  A human simulacrum (Vaults:3)
  5 wargs
  An acid dragon (D:12)
  38 nagas
  19 swamp worms
  13 water moccasins
  A sky beast (D:7)
  2 ice beasts
  4 human zombies
  36 orc warriors
  7 swamp drakes
  A black bear (Lair:6)
  14 wolves (Lair:6)
  An ettin simulacrum (Vaults:3)
  2 boggarts
  13 ogres
  16 centaurs
  A necrophage (D:4)
  A small abomination (Depths:2)
  2 kobold brigands
  A lemure (D:5)
  11 bullfrogs
  2 gnoll sergeants
  3 earth elementals
  An ogre simulacrum (Vaults:2)
  4 scorpions
  A wyvern skeleton (D:7)
  16 killer bees (D:14)
  6 wights (D:10)
  2 electric eels
  A crimson imp (Orc:2)
  2 jellies
  2 centaur zombies
  3 hounds
  29 orc priests
  2 iguanas
  An iron imp (Orc:2)
  19 orc wizards
  A yak simulacrum (D:15)
  A lightning spire (Zot:4)
  4 polar bear simulacra (D:15)
  4 wolf simulacra (D:15)
  A hound skeleton (D:5)
  11 gnolls
  3 adders
  A howler monkey skeleton (D:7)
  5 shadow imps
  A white imp (Orc:2)
  3 ufetubi
  2 worms (D:3)
  A dart slug (D:1)
  73 orcs
  11 bats
  5 endoplasms (D:1)
  A giant cockroach (D:3)
  8 goblins
  4 hobgoblins (D:1)
  2 jackals (D:1)
  3 quokkas
  5 ball pythons
  A frilled lizard (D:1)
  A jackal skeleton (D:3)
  15 kobolds
  7 rats
  2 river rat simulacra (D:15)
  4 briar patches (Lair:4)
  A butterfly (Zot:2)
  A lurking horror (Lair:1)
2107 creatures vanquished.

Vanquished Creatures (collateral kills)
  An orb of fire (Zot:5)
  The ghost of qborf the Devastator, an adept DsCj of Gozag (Vaults:3)
  A Brimstone Fiend (D:1)
  An Orb Guardian (Zot:5)
  A lich (Depths:4)
  A sphinx (Vaults:5)
  2 frost giants (Vaults:5)
  A balrug (Zot:2)
  A green draconian (Zot:5)
  A purple draconian (shapeshifter) (Zot:2)
  A yellow draconian (Zot:5)
  A white draconian (Zot:5)
  A deep elf death mage (Zot:2)
  A crystal guardian (Zot:2)
  A dancing weapon (Elf:3)
  A deep elf zephyrmancer (Elf:1)
  A black mamba (Lair:1)
  A vault sentinel (Vaults:2)
  2 komodo dragons (Lair:1)
  A polar bear (Lair:1)
  A raiju (Zot:2)
  A black bear (Lair:1)
  A jelly (Vaults:3)
25 creatures vanquished.

Vanquished Creatures (others)
  A tengu reaver (Depths:2)
  A fire giant (Vaults:5)
  A fenstrider witch (shapeshifter) (Vaults:2)
  A draconian knight (Zot:1)
  A deep elf elementalist (Elf:3)
  An ettin (Depths:4)
  A yaktaur captain (Vaults:2)
  9 great orbs of eyes
  A vault guard (Vaults:3)
  Harold (D:7)
  6 centaur warriors (Vaults:2)
  A deep elf knight (Elf:1)
  A vampire mage (Depths:4)
  A goliath frog (Swamp:3)
  2 glowing orange brains
  3 ironbound convokers (Vaults:2)
  3 deep elf zephyrmancers (Elf:1)
  A necromancer (Vaults:2)
  4 wizards
  2 ugly things (Vaults:2)
  A vault sentinel (Vaults:2)
  An elephant (shapeshifter) (Depths:3)
  A naga mage (Snake:1)
  An orange demon (D:1)
  A cane toad (Lair:2)
  3 yaktaurs (Vaults:4)
  A bloated husk (Swamp:4)
  13 slime creatures
  2 slime creatures (shapeshifter)
  A tyrant leech (shapeshifter) (Vaults:5)
  A tyrant leech (Swamp:1)
  A saltling (Desolation)
  A dream sheep (Lair:6)
  A snapping turtle (shapeshifter) (Vaults:5)
  A yak (Lair:6)
  2 water elementals
  A shadow (D:9)
  A spriggan (Swamp:1)
  An air elemental (Elf:1)
  A naga (Snake:4)
  2 water moccasins
  2 orc warriors (Orc:2)
  A sky beast (D:8)
  4 centaurs
  A lemure (D:5)
  A wyvern zombie (D:8)
  2 water moccasin skeletons
  374 jellies
  A hound (D:7)
  2 orc priests
  Terence (D:1)
  8 orc wizards
  A lightning spire (Zot:4)
  3 gnolls (D:4)
  An adder (D:3)
  A worm (D:3)
  A dart slug (D:3)
  10 orcs
  5 endoplasms
  A giant cockroach (D:3)
  6 goblins
  2 hobgoblins
  4 jackals (D:3)
  2 quokkas (D:3)
  2 ball pythons (D:3)
  3 bats
  2 frilled lizards
  2 kobolds (D:2)
  2 rats
  3 briar patches (Lair:4)
  A bush (D:11)
  111 fungi
  228 plants
868 creatures vanquished.

Grand Total: 3000 creatures vanquished

Notes
Turn   | Place    | Note
-------+----------+-------------------------------------------
     0 | D:1      | Ge0ff the Minotaur Monk began the quest for the Orb.
     0 | D:1      | Reached XP level 1. HP: 19/19 MP: 0/0
    84 | D:1      | Reached skill level 4 in Fighting
   364 | D:1      | Reached XP level 2. HP: 27/27 MP: 1/1
   529 | D:1      | Reached skill level 1 in Armour
   734 | D:1      | Reached XP level 3. HP: 35/35 MP: 2/2
   901 | D:1      | Found a faded altar of an unknown god.
   906 | D:1      | Became a worshipper of Jiyva Jupuunar the Shapeless
   906 | D:1      | Reached * piety under Jiyva
   906 | D:1      | Reached ** piety under Jiyva
  1178 | D:2      | Reached *** piety under Jiyva
  1181 | D:2      | Found a sacrificial altar of Ru.
  1199 | D:2      | Reached skill level 5 in Fighting
  1201 | D:2      | Noticed Terence
  1446 | D:1      | Killed Terence
  1648 | D:2      | Reached skill level 6 in Fighting
  1648 | D:2      | Reached skill level 5 in Long Blades
  1648 | D:2      | Reached XP level 4. HP: 31/44 MP: 3/3
  2185 | D:3      | Found an iron altar of Okawaru.
  2246 | D:3      | Reached XP level 5. HP: 23/51 MP: 4/4
  2482 | D:3      | Noticed Sigmund
  2483 | D:3      | Gained mutation: Your spells are a little easier to cast,
                  | but a little less powerful. [potion of mutation]
  2483 | D:3      | Gained mutation: You are partially covered in iridescent
                  | scales. (AC +2) [potion of mutation]
  2483 | D:3      | Gained mutation: You expend magic power (3 MP) to
                  | strengthen your wands. [potion of mutation]
  2493 | D:3      | Killed Sigmund
  2494 | D:3      | Reached skill level 8 in Fighting
  2494 | D:3      | Reached XP level 6. HP: 12/61 MP: 5/5
  2502 | D:3      | Gained mutation: You are somewhat resistant to further
                  | mutation. [Jiyva's grace]
  2889 | D:3      | Reached **** piety under Jiyva
  3952 | D:4      | Noticed a water elemental
  3958 | D:4      | Found a stormy altar of Qazlal.
  3960 | D:4      | Noticed a fire elemental
  3961 | D:4      | Noticed an air elemental
  4101 | D:4      | Found a hide-covered altar of Uskayaw.
  4177 | D:4      | Reached skill level 9 in Fighting
  4451 | D:4      | Lost mutation: You expend magic power (3 MP) to strengthen
                  | your wands. [Jiyva's grace]
  4630 | D:4      | Reached XP level 7. HP: 63/70 MP: 6/6
  4786 | D:5      | Entered Level 5 of the Dungeon
  4828 | D:5      | Identified the +5 ring mail "Xunuxzos" {Drain rElec Dex+4
                  | Slay+5}
  4855 | D:5      | Noticed Pikel
  4928 | D:5      | Killed Pikel
  4929 | D:5      | Reached skill level 10 in Fighting
  5404 | D:6      | Found Muehunil's Antique Armour Shoppe.
  5476 | D:6      | Reached XP level 8. HP: 71/80 MP: 7/7
  5569 | D:6      | Reached skill level 11 in Fighting
  5781 | D:6      | Reached skill level 5 in Dodging
  5923 | D:6      | Lost mutation: You are partially covered in iridescent
                  | scales. (AC +2) [Jiyva's grace]
  6705 | D:7      | Reached skill level 10 in Long Blades
  6743 | D:7      | Reached skill level 1 in Throwing
  6824 | D:7      | Noticed Harold
  6842 | D:7      | Killed Harold
  6843 | D:7      | Reached skill level 12 in Fighting
  6843 | D:7      | Reached XP level 9. HP: 21/90 MP: 8/8
  6843 | D:7      | Found a staircase to the Ecumenical Temple.
  7216 | D:7      | Found a basalt altar of Yredelemnul.
  7551 | D:8      | Reached skill level 5 in Armour
  7747 | D:8      | Reached skill level 13 in Fighting
  7789 | D:8      | Reached XP level 10. HP: 63/101 MP: 9/9
  7802 | D:8      | Lost mutation: Your spells are a little easier to cast, but
                  | a little less powerful. [Jiyva's grace]
  7802 | D:8      | Reached ***** piety under Jiyva
  8184 | D:8      | Found a shimmering blue altar of Sif Muna.
  9035 | D:9      | Found a shadowy altar of Dithmenos.
  9145 | D:10     | Entered Level 10 of the Dungeon
  9395 | D:10     | Reached skill level 1 in Evocations
  9421 | D:10     | Found a staircase to the Orcish Mines.
  9510 | D:10     | Found a portal to a secret trove of treasure.
  9566 | D:10     | Noticed a two-headed ogre
  9586 | D:10     | Killed a two-headed ogre
  9587 | D:10     | Reached skill level 14 in Fighting
  9587 | D:10     | Reached skill level 5 in Throwing
  9674 | D:10     | Found Nostamm's Weapon Shop.
  9857 | D:11     | Identified the +1 ring mail of the Ward {+Blink Str+4}
  9911 | D:11     | Noticed a skeletal warrior
  9911 | D:11     | Noticed a skeletal warrior
  9978 | D:10     | Gained mutation: You are covered in slimy tendrils that may
                  | disarm your opponents. [Jiyva's grace]
 10141 | D:11     | Noticed a skeletal warrior
 10330 | D:11     | Reached XP level 11. HP: 98/111 MP: 10/10
 10366 | D:11     | Found a staircase to the Lair.
 10561 | D:11     | You fall into a shaft and drop 1 floor!
 10569 | D:12     | Noticed a deep elf pyromancer
 10572 | D:12     | Killed a deep elf pyromancer
 10609 | D:12     | Noticed a centaur warrior
 10609 | D:12     | Noticed a rakshasa
 10677 | D:12     | Reached skill level 1 in Shields
 10683 | D:12     | Found Oklix's General Store.
 10691 | D:12     | Bought a +1 pair of boots of flying for 198 gold pieces
 10725 | D:12     | Found a flagged portal.
 10762 | Bailey   | Entered a bailey
 11015 | Bailey   | Gained mutation: You expend magic power (3 MP) to
                  | strengthen your wands. [Jiyva's grace]
 11023 | Bailey   | Identified a scroll of acquirement
 11035 | Bailey   | Reached ****** piety under Jiyva
 11042 | Bailey   | Gained mutation: Your spells are a little harder to cast,
                  | but a little more powerful. [Jiyva's grace]
 11068 | Bailey   | Lost mutation: You are covered in slimy tendrils that may
                  | disarm your opponents. [Jiyva's grace]
 11231 | D:12     | Reached skill level 15 in Fighting
 11334 | D:12     | Noticed a six-headed hydra
 11335 | D:12     | Noticed a white ugly thing
 11351 | D:12     | Killed a six-headed hydra
 11360 | D:12     | Killed a white ugly thing
 11620 | D:11     | Gained mutation: You have sharp fingernails. [Jiyva's
                  | grace]
 11693 | D:11     | Found the +4 Cigotuvi's embrace {rMiasma Drain rN+}
 11966 | D:11     | Noticed a skeletal warrior
 11995 | D:11     | Killed a skeletal warrior
 12045 | D:11     | Noticed a skeletal warrior
 12049 | D:11     | Killed a skeletal warrior
 12050 | D:11     | Reached XP level 12. HP: 108/121 MP: 11/11
 12224 | D:11     | Found Reaj's Magic Scroll Boutique.
 12238 | D:11     | Bought a scroll of identify for 24 gold pieces
 12238 | D:11     | Bought a scroll of identify for 24 gold pieces
 12508 | D:10     | Found a portal to a secret trove of treasure.
 12602 | D:10     | Found a staircase to the Orcish Mines.
 12681 | D:10     | Reached skill level 5 in Evocations
 12904 | Lair:1   | Entered Level 1 of the Lair of Beasts
 12989 | Lair:1   | Noticed a seven-headed hydra
 13003 | Lair:1   | Killed a seven-headed hydra
 13351 | Lair:1   | Identified the +1 ring mail of Errux {rPois SInv}
 13490 | Lair:1   | Gained mutation: You have very sharp fingernails. [Jiyva's
                  | grace]
 13910 | Lair:1   | Found a corrupted altar of Lugonu.
 13910 | Lair:1   | Found a one-way gate to the infinite horrors of the Abyss.
 14189 | Lair:2   | Noticed a death yak
 14189 | Lair:2   | Noticed a death yak
 14189 | Lair:2   | Noticed a death yak
 14189 | Lair:2   | Noticed a death yak
 14243 | Lair:1   | Killed a death yak
 14254 | Lair:1   | Killed a death yak
 14309 | Lair:1   | Killed a death yak
 14310 | Lair:1   | Reached skill level 16 in Fighting
 14318 | Lair:1   | Killed a death yak
 14721 | Lair:2   | Reached skill level 10 in Armour
 14795 | Lair:2   | Noticed a death yak
 14795 | Lair:2   | Noticed a death yak
 14816 | Lair:2   | Killed a death yak
 14826 | Lair:2   | Killed a death yak
 14916 | Lair:2   | Reached XP level 13. HP: 109/130 MP: 12/12
 15065 | Lair:2   | Found a staircase to the Swamp.
 15712 | Lair:3   | Found a staircase to the Snake Pit.
 15761 | Lair:3   | Gained mutation: You are partially covered in large bone
                  | plates. (SH +4) [Jiyva's grace]
 16093 | Lair:4   | Found a runed translucent door.
 16094 | Lair:4   | Found a shimmering altar of Xom.
 16094 | Lair:4   | Noticed Dosewi's ghost (journeyman DECj)
 16461 | Lair:4   | Gained mutation: You are covered in slimy tendrils that may
                  | disarm your opponents. [Jiyva's grace]
 16497 | Lair:4   | Found a transporter.
 16500 | Lair:4   | Noticed Kirke
 16510 | Lair:4   | Killed Kirke
 16534 | Lair:4   | Found a transporter.
 16760 | Lair:4   | Killed Dosewi's ghost
 17365 | Lair:5   | Found a runed translucent door.
 17366 | Lair:5   | Found a viscous altar of Jiyva.
 17368 | Lair:5   | Found a staircase to the Slime Pits.
 17405 | Lair:5   | Found a gate leading to a gauntlet.
 17414 | Gauntlet | Entered a Gauntlet
 17414 | Gauntlet | Found a transporter.
 17414 | Gauntlet | Found a transporter.
 17420 | Gauntlet | Found a transporter.
 17433 | Gauntlet | Found a transporter.
 17452 | Gauntlet | Found a transporter.
 17452 | Gauntlet | Found a transporter.
 17452 | Gauntlet | Found a transporter.
 17455 | Gauntlet | Found a transporter.
 17455 | Gauntlet | Found a transporter.
 17466 | Gauntlet | Found a transporter.
 17482 | Gauntlet | Found a transporter.
 17492 | Gauntlet | Found a transporter.
 17493 | Gauntlet | Noticed a quicksilver ooze
 17509 | Gauntlet | Found a transporter.
 17527 | Gauntlet | Found a transporter.
 17810 | Gauntlet | Identified the +0 pair of boots "Fiuheat" {Harm rElec Will+
                  | Str-5}
 17829 | Gauntlet | Identified the ring of Xom's Ringing Laughter {Ice Str+2
                  | Int+3 SInv}
 17829 | Gauntlet | Noticed a minotaur
 17839 | Gauntlet | Killed a minotaur
 17869 | Gauntlet | Lost mutation: You expend magic power (3 MP) to strengthen
                  | your wands. [Jiyva's grace]
 17910 | Slime:1  | Entered Level 1 of the Pits of Slime
 17910 | Slime:1  | Noticed a rockslime
 17912 | Slime:1  | Noticed an acid blob
 17915 | Slime:1  | Noticed an acid blob
 17916 | Slime:1  | Noticed an acid blob
 17917 | Slime:2  | Noticed a rockslime
 17946 | Slime:4  | Noticed a rockslime
 17952 | Slime:5  | Entered Level 5 of the Pits of Slime
 17952 | Slime:5  | Noticed an acid blob
 17957 | Slime:5  | Gained mutation: You have a small jelly attached to you
                  | that may absorb incoming projectiles. [Jiyva's grace]
 17960 | Slime:5  | Lost mutation: You are partially covered in large bone
                  | plates. (SH +4) [Jiyva's grace]
 17963 | Slime:5  | Lost mutation: You have a small jelly attached to you that
                  | may absorb incoming projectiles. [Jiyva's grace]
 17966 | Slime:5  | Found a viscous altar of Jiyva.
 17966 | Slime:5  | Noticed an acid blob
 17968 | Slime:5  | Noticed an acid blob
 17969 | Slime:5  | Noticed a rockslime
 17970 | Slime:5  | Noticed a rockslime
 17970 | Slime:5  | Noticed an acid blob
 17974 | Slime:5  | Identified the +9 great sword "Negiduc" {venom, Str+5}
 17976 | Slime:5  | Noticed an acid blob
 17983 | Slime:5  | Noticed an acid blob
 17983 | Slime:5  | Noticed an acid blob
 17983 | Slime:5  | Noticed the Royal Jelly
 17985 | Slime:5  | Identified the +2 leather armour of Freedom {Will+}
 17987 | Slime:5  | Noticed a rockslime
 17988 | Slime:5  | Identified the +0 swamp dragon scales of the Learner {rPois
                  | Dex+2}
 17990 | Slime:5  | Identified the +10 long sword "Atiujail" {speed, Dex+3}
 18008 | Slime:5  | Got a slimy rune of Zot
 18010 | Slime:5  | Identified the +2 chain mail of Kirphewk {*Corrode +Inv
                  | rN+}
 18019 | Slime:5  | Identified the ring of Emeezo {Str+4 Slay+4}
 18183 | Lair:5   | Reached skill level 17 in Fighting
 18183 | Lair:5   | Reached skill level 5 in Shields
 18235 | Lair:5   | Gained mutation: Your spells are harder to cast, but more
                  | powerful. [Jiyva's grace]
 18273 | Lair:5   | Reached skill level 10 in Dodging
 18572 | Lair:5   | Found a blossoming altar of Fedhas.
 18766 | Lair:6   | Entered Level 6 of the Lair of Beasts
 19129 | Lair:6   | Reached XP level 14. HP: 140/140 MP: 13/13
 19757 | Lair:6   | Gained mutation: Your translucent skin slightly reduces
                  | your foes' accuracy. (Stealth+) [Jiyva's grace]
 20217 | Orc:1    | Entered Level 1 of the Orcish Mines
 20507 | Orc:2    | Entered Level 2 of the Orcish Mines
 20507 | Orc:2    | Found a staircase to the Elven Halls.
 20539 | Orc:2    | Noticed Donald
 20689 | Orc:1    | Killed Donald
 21009 | Orc:2    | Gained mutation: You have a small jelly attached to you
                  | that senses nearby items. [Jiyva's grace]
 21016 | Orc:2    | Gained mutation: Armour fits poorly on your pseudopods.
                  | [Jiyva's grace]
 21018 | Orc:2    | Gained mutation: You have a pair of large horns on your
                  | head. [Jiyva's grace]
 21088 | Orc:1    | Reached skill level 10 in Shields
 21149 | Orc:1    | Gained mutation: Your melee attacks may engulf your foes in
                  | ooze. [Jiyva's grace]
 21171 | Orc:1    | Gained mutation: You have sharp toenails. [Jiyva's grace]
 21384 | Orc:2    | Reached XP level 15. HP: 133/149 MP: 14/14
 21397 | Orc:2    | Identified the +0 hat "Hahomieph" {rPois Int-5 Dex+5}
 21620 | Orc:2    | Gained mutation: You are frail. (-10% HP) [Jiyva's grace]
 21645 | Orc:2    | Lost mutation: Your spells are harder to cast, but more
                  | powerful. [Jiyva's grace]
 21762 | Orc:2    | Lost mutation: You are somewhat resistant to further
                  | mutation. [Jiyva's grace]
 21841 | Orc:2    | Found Qithokaud's Antique Weapon Boutique.
 21845 | Orc:2    | Found Haytidgh's Book Shoppe.
 21852 | Orc:2    | Found Ugibos's Jewellery Shoppe.
 21854 | Orc:2    | Found Vatag's Distillery.
 21863 | Orc:2    | Bought a potion of berserk rage for 60 gold pieces
 22267 | D:12     | Reached skill level 18 in Fighting
 22470 | D:12     | Got the Papyrus of Doomed Heat
 23025 | D:12     | Identified the +7 rapier of Weenosh {holy, rF+}
 23645 | D:13     | Gained mutation: Your translucent skin reduces your foes'
                  | accuracy. (Stealth+) [Jiyva's grace]
 23950 | D:14     | Reached skill level 10 in Evocations
 24123 | D:14     | Found a gate to the Vaults.
 24313 | D:14     | Gained mutation: Your spells are harder to cast, but more
                  | powerful. [Jiyva's grace]
 24549 | D:14     | Gained mutation: Your body has grown golden eyes which may
                  | confuse attackers. (Acc +3) [Jiyva's grace]
 24620 | D:14     | Noticed Nessos
 24622 | D:14     | Killed Nessos
 24639 | D:14     | Found Dali Myn's Distillery.
 24640 | D:14     | Found Ubruosch's General Store.
 24642 | D:14     | Found Quoxuiw's Weapon Boutique.
 24643 | D:14     | Found Onoowk's Antique Armour Boutique.
 24675 | D:14     | Found a shimmering altar of Xom.
 24679 | D:14     | Found a shimmering altar of Xom.
 24679 | D:14     | Found a shimmering altar of Xom.
 24681 | D:14     | Found a shimmering altar of Xom.
 24719 | D:14     | Found a shimmering altar of Xom.
 24720 | D:14     | Found a shimmering altar of Xom.
 24722 | D:14     | Found a shimmering altar of Xom.
 24926 | D:15     | Entered Level 15 of the Dungeon
 25036 | D:15     | Reached XP level 16. HP: 143/143 MP: 15/15
 25474 | D:15     | Found a staircase to the Depths.
 25924 | Swamp:1  | Entered Level 1 of the Swamp
 26575 | Swamp:1  | Lost mutation: You have very sharp fingernails. [Jiyva's
                  | grace]
 27416 | Swamp:2  | Lost mutation: Your body has grown golden eyes which may
                  | confuse attackers. (Acc +3) [Jiyva's grace]
 27976 | D:10     | You paid a toll of 2 scrolls of acquirement to enter a
                  | treasure trove
 27977 | Trove    | Entered a treasure trove
 27984 | Trove    | Identified the ring of Joweaf {rC+ Str+7 Dex+3}
 27986 | Trove    | Identified the ring of Goeseg {rPois rF+ rN+}
 27991 | Trove    | Identified the ring of Starshine {rElec rF+ rCorr Str+3
                  | Dex+3}
 27994 | Trove    | Identified the amulet of Gabonlum {rC++ Regen+}
 28015 | Trove    | Gained mutation: Your muscles are strong. (Str +2) [Jiyva's
                  | grace]
 28302 | Swamp:3  | Noticed a tentacled monstrosity
 28428 | Swamp:3  | Killed a tentacled monstrosity
 28732 | Swamp:4  | Entered Level 4 of the Swamp
 28908 | Swamp:4  | Reached skill level 19 in Fighting
 28950 | Swamp:4  | Lost mutation: You have a small jelly attached to you that
                  | senses nearby items. [Jiyva's grace]
 28973 | Swamp:4  | Noticed a thorn hunter
 28982 | Swamp:4  | Killed a thorn hunter
 28983 | Swamp:4  | Reached XP level 17. HP: 151/151 MP: 16/16
 29002 | Swamp:4  | Got a decaying rune of Zot
 29448 | Snake:1  | Entered Level 1 of the Snake Pit
 29580 | Snake:1  | Found Doyqe's Armour Shop.
 29584 | Snake:1  | Identified the +9 trident of Defilement {chaos, Str+4
                  | Int+2}
 29768 | Snake:1  | Lost mutation: You have a pair of large horns on your head.
                  | [Jiyva's grace]
 29815 | Snake:1  | Noticed Josephine
 29824 | Snake:1  | Killed Josephine
 30072 | Snake:1  | Found Jaib's Assorted Antiques.
 30074 | Snake:1  | Found Ifuasm's Book Emporium.
 30076 | Snake:1  | Found Moppumos's General Store.
 30145 | Snake:1  | Reached skill level 15 in Armour
 30161 | Snake:1  | Reached skill level 15 in Shields
 30306 | Snake:1  | Gained mutation: You are partially covered in iridescent
                  | scales. (AC +2) [Jiyva's grace]
 30788 | Snake:2  | Acquired 544 gold pieces
 32011 | Snake:3  | Identified the +3 chain mail "Sygucaa" {Will++ Dex+3}
 32308 | Snake:3  | Lost mutation: Your muscles are strong. (Str +2) [Jiyva's
                  | grace]
 32396 | Snake:3  | Lost mutation: Your spells are harder to cast, but more
                  | powerful. [Jiyva's grace]
 32616 | Snake:3  | Found a transporter.
 32623 | Snake:3  | Found a shimmering blue altar of Sif Muna.
 32702 | Snake:3  | Learned a level 1 spell: Apportation
 32754 | Snake:3  | Found a transporter.
 33005 | Snake:3  | Gained mutation: Your muscles are strong. (Str +2) [Jiyva's
                  | grace]
 33212 | Snake:4  | Entered Level 4 of the Snake Pit
 33259 | Snake:4  | Reached XP level 18. HP: 153/160 MP: 18/18
 33265 | Snake:4  | Identified the +1 leather armour of the Doldrums {Str+10
                  | Stlth+}
 33321 | Snake:4  | Reached skill level 1 in Translocations
 33323 | Snake:4  | Reached skill level 1 in Spellcasting
 33350 | Snake:4  | Noticed Nikola
 33361 | Snake:4  | Killed Nikola
 33659 | Snake:4  | Identified the +1 chain mail "Qiere" {rPois rN+ rCorr
                  | Str+4}
 33705 | Snake:4  | Gained mutation: You passively map a small area around you.
                  | [Jiyva's grace]
 34197 | Snake:4  | Lost mutation: Armour fits poorly on your pseudopods.
                  | [Jiyva's grace]
 34511 | Snake:4  | Reached skill level 15 in Dodging
 34576 | Snake:4  | Reached skill level 20 in Fighting
 34777 | Snake:4  | Reached skill level 10 in Throwing
 34791 | Snake:4  | Got a serpentine rune of Zot
 34834 | Snake:4  | Gained mutation: You passively map the area around you.
                  | [Jiyva's grace]
 35183 | Elf:1    | Entered Level 1 of the Elven Halls
 35279 | Elf:1    | Reached XP level 19. HP: 166/166 MP: 24/24
 35541 | Elf:1    | Paralysed by an air elemental for 1 turns
 35592 | Elf:1    | Got the Compendium of Creative Arcane Weapons
 35666 | Elf:1    | Reached skill level 5 in Translocations
 35705 | Orc:2    | Lost mutation: You have sharp fingernails. [Jiyva's grace]
 36006 | Elf:1    | Gained mutation: Armour fits poorly on your pseudopods.
                  | [Jiyva's grace]
 36174 | Elf:1    | Found Ulaoh's Antique Armour Shoppe.
 36478 | Elf:1    | Lost mutation: You passively map the area around you.
                  | [Jiyva's grace]
 36795 | Elf:2    | Reached skill level 5 in Spellcasting
 36925 | Elf:2    | Found a runed translucent gate.
 36925 | Elf:2    | Found a runed translucent gate.
 36926 | Elf:2    | Found a runed translucent gate.
 37303 | Elf:2    | Gained mutation: You are agile. (Dex +2) [Jiyva's grace]
 37328 | Elf:2    | Lost mutation: You are frail. (-10% HP) [Jiyva's power]
 37440 | Elf:2    | Lost mutation: Your muscles are strong. (Str +2) [Jiyva's
                  | grace]
 37709 | Elf:2    | Lost mutation: Armour fits poorly on your pseudopods.
                  | [Jiyva's grace]
 37888 | Elf:3    | Entered Level 3 of the Elven Halls
 37984 | Elf:3    | Lost mutation: You are agile. (Dex +2) [Jiyva's grace]
 38247 | Elf:3    | Identified the +1 demon blade "Ihai" {venom, +Blink rF+
                  | rC-}
 38254 | Elf:3    | Identified the +3 rapier of Ambiguity {venom, Str+4 Int-4}
 38257 | Elf:3    | Noticed a Tzitzimitl
 38393 | Elf:3    | Noticed a Brimstone Fiend
 38653 | Elf:3    | Identified the ring "Dacecs" {Contam rF+ Slay+4}
 38752 | Elf:3    | Identified the ring "Jaracoli" {rElec rN++ MP+9 EV+4}
 38752 | Elf:3    | Identified the +11 great mace of Jarod {vorpal, rF+ Str+3}
 38752 | Elf:3    | Identified the ring "Maphih" {MP+9 Dex+8}
 38760 | Elf:3    | Identified the +7 scale mail "Kieghof" {Int+2}
 38761 | Elf:3    | Noticed a Tzitzimitl
 38763 | Elf:3    | Was placed under penance by Jiyva
 38764 | Elf:3    | Reached XP level 20. HP: 178/195 MP: 26/26
 38972 | Elf:2    | Was forgiven by Jiyva
 39119 | Elf:3    | Identified the +7 flail "Voedel" {vorpal, rPois}
 39151 | Elf:3    | Lost mutation: Your spells are a little harder to cast, but
                  | a little more powerful. [Jiyva's grace]
 39380 | Elf:3    | Got the Guide on Transmutation and Curses
 39406 | Elf:3    | Identified the +7 chain mail of the World {Will+ Int-3
                  | Slay+6 Stlth+}
 39441 | Elf:3    | Lost mutation: You have sharp toenails. [Jiyva's grace]
 39464 | Elf:3    | Gained mutation: You passively map the area around you.
                  | [Jiyva's grace]
 39491 | Elf:3    | Lost mutation: You are partially covered in iridescent
                  | scales. (AC +2) [Jiyva's grace]
 39538 | Elf:3    | Gained mutation: You have a small jelly attached to you
                  | that senses nearby items. [Jiyva's grace]
 39744 | D:14     | Bought 2 scrolls of brand weapon for 600 gold pieces
 39832 | Depths:1 | Entered Level 1 of the Depths
 40718 | Depths:1 | Found a gateway to Hell.
 41192 | Depths:2 | Noticed Louise
 41208 | Depths:2 | Killed Louise
 41209 | Depths:2 | Reached skill level 15 in Long Blades
 41300 | Depths:2 | Found a gateway to a ziggurat.
 41379 | Depths:2 | Lost mutation: You passively map the area around you.
                  | [Jiyva's grace]
 41490 | Depths:2 | Reached skill level 21 in Fighting
 41510 | Depths:2 | Noticed a juggernaut
 41535 | Depths:2 | Killed a juggernaut
 41574 | Depths:2 | Gained mutation: You passively dampen the noise of your
                  | surroundings. [Jiyva's grace]
 41600 | Depths:2 | Noticed a caustic shrike
 41670 | Depths:2 | Gained mutation: You are robust. (+10% HP) [Jiyva's grace]
 41800 | Depths:2 | Slimified a caustic shrike
 41800 | Depths:2 | a caustic shrike changed into an azure jelly
 41826 | Depths:2 | Noticed a golden dragon
 41974 | Depths:2 | Killed a golden dragon
 42094 | Depths:2 | Reached XP level 21. HP: 224/224 MP: 27/27
 42237 | Depths:2 | Found an ancient bone altar of Kikubaaqudgha.
 42464 | Depths:3 | Found a broken altar of Ashenzari.
 42481 | Depths:3 | Found Kosaeto's Changing Room.
 43226 | Depths:3 | Gained mutation: You possess an exceptional clarity of
                  | mind. [Jiyva's grace]
 43442 | Depths:3 | Gained mutation: Your magical capacity is low. (-10% MP)
                  | [Jiyva's grace]
 43532 | Depths:3 | Found a one-way gate leading to the halls of Pandemonium.
 43629 | Depths:3 | Gained mutation: You have acidic saliva. [Jiyva's grace]
 43718 | Depths:3 | Identified the +1 robe of Sandy the Leaf {Int+2}
 43915 | Depths:3 | Noticed a juggernaut
 43939 | Depths:3 | Killed a juggernaut
 44224 | Depths:4 | Acquired 538 gold pieces
 44421 | Depths:4 | Found Nyshrarao's Armour Emporium.
 44869 | Depths:4 | Noticed a caustic shrike
 44883 | Depths:4 | Killed a caustic shrike
 44984 | Depths:4 | Reached XP level 22. HP: 194/235 MP: 25/25
 45304 | Depths:4 | Lost mutation: Your magical capacity is low. (-10% MP)
                  | [Jiyva's grace]
 45475 | Depths:4 | Identified the +8 fustibalus "Kaperus" {vorpal, rElec}
 45490 | Depths:4 | Lost mutation: You are covered in slimy tendrils that may
                  | disarm your opponents. [Jiyva's grace]
 45562 | Depths:4 | Noticed a juggernaut
 45586 | Depths:4 | Killed a juggernaut
 45621 | Depths:4 | Identified the +1 ring mail of Ranwaqyi {Int+2}
 45848 | Depths:5 | Entered Level 5 of the Depths
 45930 | Depths:5 | Reached skill level 22 in Fighting
 46462 | Depths:5 | Found Lyoliycu's Weapon Boutique.
 46471 | Depths:5 | Bought the +10 rapier "Gere Xam" {speed, rElec Int+2
                  | Stlth+} for 1245 gold pieces
 46607 | Depths:5 | Reached skill level 1 in Short Blades
 46610 | Depths:5 | Lost mutation: Your translucent skin reduces your foes'
                  | accuracy. (Stealth+) [Jiyva's grace]
 46706 | Depths:5 | Found a gate to the Realm of Zot.
 46706 | Depths:5 | Noticed a golden dragon
 46730 | Depths:5 | Killed a golden dragon
 46869 | Depths:5 | Acquired the +2 crystal plate armour of the Swamp {rF+
                  | Regen+ rCorr Str+2}
 47109 | Depths:5 | Lost mutation: You are robust. (+10% HP) [Jiyva's grace]
 47251 | Depths:5 | Found Nuserouf's Antique Weapon Boutique.
 47369 | Depths:5 | Noticed a golden dragon
 47377 | Depths:5 | Killed a golden dragon
 47396 | Depths:5 | Noticed Margery
 47424 | Depths:5 | Killed Margery
 47559 | Depths:5 | Gained mutation: Your flesh is cold resistant. (rC+)
                  | [Jiyva's grace]
 47564 | Depths:5 | Gained mutation: You are partially covered in iridescent
                  | scales. (AC +2) [Jiyva's grace]
 48000 | Vaults:1 | Entered Level 1 of the Vaults
 48333 | Vaults:1 | Gained mutation: You are robust. (+10% HP) [Jiyva's grace]
 48473 | Vaults:1 | Reached XP level 23. HP: 245/245 MP: 29/29
 48484 | Vaults:1 | Reached skill level 5 in Short Blades
 48629 | Vaults:1 | Gained mutation: You have a small jelly attached to you
                  | that may absorb incoming projectiles. [Jiyva's grace]
 48645 | Vaults:1 | Gained mutation: You are mostly covered in iridescent
                  | scales. (AC +4) [Jiyva's grace]
 49509 | Vaults:2 | Gained mutation: You are agile. (Dex +2) [Jiyva's grace]
 49555 | Vaults:2 | Lost mutation: You have a small jelly attached to you that
                  | senses nearby items. [Jiyva's grace]
 49894 | Vaults:2 | Gained mutation: You are covered in fur. (AC +1) [Jiyva's
                  | grace]
 49947 | Vaults:2 | Reached skill level 10 in Translocations
 50056 | Vaults:2 | Lost mutation: You are agile. (Dex +2) [Jiyva's grace]
 50454 | Vaults:2 | Found a staircase to the Crypt.
 50454 | Vaults:2 | Found an ancient bone altar of Kikubaaqudgha.
 50461 | Vaults:2 | Found a basalt altar of Yredelemnul.
 50638 | Vaults:3 | Reached XP level 24. HP: 257/257 MP: 29/29
 50680 | Vaults:3 | Reached skill level 23 in Fighting
 50800 | Vaults:3 | Found a ruined gateway.
 50865 | Desolati | Entered the Desolation of Salt
 51078 | Desolati | Identified the ring "Jekuntao" {Wiz rF+ rC++ Dex-5 Stlth+}
 51117 | Desolati | Got the Tome of the Frostbite and Contamination
 51267 | Desolati | Got the Catalogue of Supportive Changing
 51294 | Desolati | Got the Almanac of Calling
 51319 | Desolati | Lost mutation: You possess an exceptional clarity of mind.
                  | [Jiyva's grace]
 51757 | Desolati | Identified the +8 battleaxe "Ischis" {drain, rPois rC+}
 51815 | Desolati | Gained mutation: You are strong-willed. (Will+) [Jiyva's
                  | grace]
 51905 | Desolati | Gained mutation: You have a pair of large horns on your
                  | head. [Jiyva's grace]
 51925 | Desolati | Reached XP level 25. HP: 251/267 MP: 29/29
 52141 | Vaults:3 | You are sucked into a shaft and drop 1 floor!
 52399 | Vaults:3 | Found a large runed translucent door.
 52399 | Vaults:3 | Found a large runed translucent door.
 52399 | Vaults:3 | Noticed qborf's ghost (adept DsCj)
 52399 | Vaults:3 | You are sucked into a shaft and drop 1 floor!
 52422 | Vaults:4 | Reached skill level 10 in Short Blades
 52761 | Vaults:4 | Lost mutation: You are strong-willed. (Will+) [Jiyva's
                  | grace]
 53046 | Vaults:4 | Gained mutation: You are agile. (Dex +2) [Jiyva's grace]
 53053 | Vaults:4 | Found a runed translucent door.
 53061 | Vaults:4 | Noticed p0werm0de's ghost (adept MiCK)
 53093 | Vaults:4 | Killed p0werm0de's ghost
 53234 | Vaults:4 | Gained mutation: Your translucent skin reduces your foes'
                  | accuracy. (Stealth+) [Jiyva's grace]
 53345 | Vaults:4 | Found Jipao's Weapon Shop.
 53633 | Vaults:4 | Gained mutation: Your muscles are strong. (Str +2) [Jiyva's
                  | grace]
 53679 | Vaults:5 | Entered Level 5 of the Vaults
 53691 | Vaults:5 | Reached skill level 15 in Throwing
 53693 | Vaults:5 | Reached skill level 15 in Evocations
 54022 | Vaults:3 | Lost mutation: Your muscles are strong. (Str +2) [Jiyva's
                  | grace]
 54034 | Vaults:3 | Noticed Xtahua
 54037 | Vaults:3 | Lost mutation: You are mostly covered in iridescent scales.
                  | (AC +4) [Jiyva's grace]
 54043 | Vaults:3 | Killed Xtahua
 54046 | Vaults:3 | Lost mutation: You are partially covered in iridescent
                  | scales. (AC +2) [Jiyva's grace]
 54311 | Vaults:3 | Reached skill level 24 in Fighting
 54534 | Vaults:3 | Lost mutation: Your melee attacks may engulf your foes in
                  | ooze. [Jiyva's grace]
 54540 | Vaults:3 | Killed qborf's ghost
 54551 | Vaults:3 | Lost mutation: You have a small jelly attached to you that
                  | may absorb incoming projectiles. [Jiyva's grace]
 54622 | Vaults:5 | Identified the ring "Ylifipn" {+Blink rF++ EV+4}
 54675 | Vaults:5 | Identified the +3 long sword "Muxaoshe" {speed, rPois rC+++
                  | Int-3 Dex-3}
 54744 | Vaults:5 | Reached XP level 26. HP: 236/280 MP: 29/29
 54828 | Vaults:5 | Lost mutation: You passively dampen the noise of your
                  | surroundings. [Jiyva's grace]
 54831 | Vaults:5 | Gained mutation: You have sharp toenails. [Jiyva's grace]
 54836 | Vaults:5 | Lost mutation: Your translucent skin reduces your foes'
                  | accuracy. (Stealth+) [Jiyva's grace]
 54839 | Vaults:5 | Lost mutation: You are covered in fur. (AC +1) [Jiyva's
                  | grace]
 54843 | Vaults:5 | Gained mutation: You are partially covered in iridescent
                  | scales. (AC +2) [Jiyva's grace]
 54849 | Vaults:5 | Lost mutation: You are partially covered in iridescent
                  | scales. (AC +2) [Jiyva's grace]
 54940 | Vaults:5 | Lost mutation: You are agile. (Dex +2) [Jiyva's grace]
 55041 | Vaults:5 | Gained mutation: Armour fits poorly on your pseudopods.
                  | [Jiyva's grace]
 55082 | Vaults:5 | Identified the +6 flail of Tyvvoynn {freeze, rCorr}
 55200 | Vaults:5 | Identified the ring "Wudykh Upny" {Ice Fly rN+++ Str-5
                  | Dex+2}
 55295 | Vaults:5 | Reached skill level 25 in Fighting
 55457 | Vaults:5 | Got a silver rune of Zot
 55515 | Vaults:5 | Gained mutation: Your body has grown golden eyes which may
                  | confuse attackers. (Acc +3) [Jiyva's grace]
 55590 | Vaults:5 | Gained mutation: Your body has grown many golden eyes which
                  | may confuse attackers. (Acc +5) [Jiyva's grace]
 55732 | Vaults:5 | Identified the ring "Nuliz" {Will+ rCorr Str-5 Int+6}
 55753 | Vaults:5 | Gained mutation: Your translucent skin reduces your foes'
                  | accuracy. (Stealth+) [Jiyva's grace]
 55777 | Vaults:5 | Identified the +4 giant club of a wizard's laboratory
                  | {antimagic, +Rage rPois Str+4 Dex-2}
 55782 | Vaults:5 | Lost mutation: Your flesh is cold resistant. (rC+) [Jiyva's
                  | grace]
 55918 | Vaults:5 | Gained mutation: Your flesh is cold resistant. (rC+)
                  | [Jiyva's grace]
 55971 | Vaults:5 | Gained mutation: Your body is covered in golden eyes which
                  | may confuse attackers. (Acc +7, SInv) [Jiyva's grace]
 55988 | Vaults:5 | Found the +1 cloak of Starlight {*Dazzle EV+4 Stlth--}
 56170 | D:14     | Bought a scroll of teleportation for 45 gold pieces
 56170 | D:14     | Bought a wand of iceblast (9) for 195 gold pieces
 56170 | D:14     | Bought a scroll of fear for 52 gold pieces
 56255 | D:11     | Bought a scroll of enchant weapon for 90 gold pieces
 56255 | D:11     | Bought 2 scrolls of enchant armour for 180 gold pieces
 56255 | D:11     | Bought a scroll of teleportation for 36 gold pieces
 56255 | D:11     | Bought a scroll of magic mapping for 42 gold pieces
 56255 | D:11     | Bought a scroll of fear for 42 gold pieces
 56364 | Orc:2    | Bought a book of Spatial Translocations for 312 gold pieces
 56367 | Orc:2    | Learned a level 2 spell: Blink
 56377 | Orc:2    | Bought a potion of curing for 36 gold pieces
 56377 | Orc:2    | Bought a potion of curing for 36 gold pieces
 56377 | Orc:2    | Bought a potion of curing for 36 gold pieces
 56377 | Orc:2    | Bought a potion of haste for 120 gold pieces
 56377 | Orc:2    | Bought a potion of curing for 36 gold pieces
 56377 | Orc:2    | Bought a potion of curing for 36 gold pieces
 56377 | Orc:2    | Bought a potion of curing for 36 gold pieces
 56377 | Orc:2    | Bought a potion of heal wounds for 60 gold pieces
 56377 | Orc:2    | Bought a potion of heal wounds for 60 gold pieces
 56594 | Snake:1  | Bought a potion of curing for 51 gold pieces
 56594 | Snake:1  | Bought a wand of acid (5) for 306 gold pieces
 56594 | Snake:1  | Bought a potion of invisibility for 136 gold pieces
 56600 | Snake:1  | Bought a potion of invisibility for 312 gold pieces
 56807 | D:14     | Bought a potion of heal wounds for 70 gold pieces
 56807 | D:14     | Bought a potion of cancellation for 112 gold pieces
 56807 | D:14     | Bought a potion of ambrosia for 112 gold pieces
 56807 | D:14     | Bought a potion of berserk rage for 70 gold pieces
 56807 | D:14     | Bought a potion of berserk rage for 70 gold pieces
 56807 | D:14     | Bought a potion of cancellation for 112 gold pieces
 56807 | D:14     | Bought a potion of heal wounds for 70 gold pieces
 56809 | D:14     | Bought a potion of curing for 42 gold pieces
 56903 | D:12     | Bought a potion of resistance for 120 gold pieces
 56959 | D:12     | Lost mutation: Your flesh is cold resistant. (rC+) [Jiyva's
                  | grace]
 57174 | Zot:1    | Entered Level 1 of the Realm of Zot
 57424 | Zot:1    | Gained mutation: You are covered in fur. (AC +1) [Jiyva's
                  | grace]
 58040 | Zot:1    | Lost mutation: You have a pair of large horns on your head.
                  | [Jiyva's grace]
 58431 | Zot:2    | Reached skill level 26 in Fighting
 58864 | Zot:2    | Lost mutation: Armour fits poorly on your pseudopods.
                  | [Jiyva's grace]
 59064 | Zot:2    | Reached XP level 27. HP: 295/295 MP: 29/29
 59232 | Zot:2    | Gained mutation: You are clumsy. (Dex -2) [Jiyva's grace]
 60107 | Zot:4    | Lost mutation: You have acidic saliva. [Jiyva's grace]
 60245 | Zot:4    | Reached skill level 27 in Fighting
 61613 | Zot:4    | Lost mutation: You have sharp toenails. [Jiyva's grace]
 61686 | Zot:5    | Entered Level 5 of the Realm of Zot
 61734 | Zot:5    | Lost mutation: You are robust. (+10% HP) [Jiyva's grace]
 61780 | Zot:5    | Found a runed translucent door.
 61783 | Zot:5    | Noticed p0werm0de's ghost (veteran MiCK)
 61980 | Zot:5    | Identified the +6 hunting sling of Responsibility {flame,
                  | Int+2}
 62291 | Zot:5    | Killed p0werm0de's ghost
 62451 | Zot:5    | Noticed a dread lich
 62468 | Zot:5    | Killed a dread lich
 62623 | Zot:5    | Noticed an orb of fire
 62624 | Zot:5    | Noticed an orb of fire
 62633 | Zot:5    | Gained mutation: You are frail. (-10% HP) [an orb of fire]
 62636 | Zot:5    | Gained mutation: You sometimes lose the ability to read
                  | scrolls when taking damage. [an orb of fire]
 62645 | Zot:5    | Gained mutation: You are occasionally teleported next to
                  | monsters. [an orb of fire]
 62646 | Zot:5    | Killed an orb of fire
 62652 | Zot:5    | Killed an orb of fire
 62662 | Zot:5    | Noticed an orb of fire
 62668 | Zot:5    | Gained mutation: You are weak. (Str -2) [an orb of fire]
 62678 | Zot:5    | Killed an orb of fire
 62742 | Zot:5    | Lost mutation: You sometimes lose the ability to read
                  | scrolls when taking damage. [potion of mutation]
 62742 | Zot:5    | Lost mutation: You are weak. (Str -2) [potion of mutation]
 62742 | Zot:5    | Lost mutation: You are frail. (-10% HP) [potion of
                  | mutation]
 62743 | Zot:5    | Lost mutation: You are clumsy. (Dex -2) [Jiyva's power]
 62744 | Zot:5    | Lost mutation: You are occasionally teleported next to
                  | monsters. [Jiyva's power]
 62758 | Zot:5    | Gained mutation: Armour fits poorly on your pseudopods.
                  | [Jiyva's grace]
 62776 | Zot:5    | Noticed an orb of fire
 62797 | Zot:5    | Killed an orb of fire
 62978 | Zot:5    | Noticed an orb of fire
 62982 | Zot:5    | Gained mutation: You sometimes lose the ability to read
                  | scrolls when taking damage. [an orb of fire]
 62995 | Zot:5    | Killed an orb of fire
 63037 | Zot:5    | Lost mutation: You sometimes lose the ability to read
                  | scrolls when taking damage. [Jiyva's power]
 63073 | Zot:5    | Gained mutation: Your spells are a little harder to cast,
                  | but a little more powerful. [Jiyva's grace]
 63136 | Zot:5    | Got the Orb of Zot
 63178 | Zot:5    | Noticed an orb of fire
 63204 | Zot:5    | Killed an orb of fire
 63263 | Zot:5    | Noticed Bacwo the pandemonium lord
 63272 | Zot:4    | Lost mutation: Your body is covered in golden eyes which
                  | may confuse attackers. (Acc +7, SInv) [Jiyva's grace]
 63307 | Zot:2    | Noticed Ametas the pandemonium lord
 63307 | Zot:2    | Noticed an ancient lich
 63408 | Depths:3 | Noticed Tyhiti the pandemonium lord
 63460 | Depths:2 | Noticed Soro the pandemonium lord
 63480 | Depths:2 | Killed Soro the pandemonium lord
 63494 | Depths:2 | Gained mutation: Your mind is acute. (Int +2) [Jiyva's
                  | grace]
 63889 | D:1      | Gained mutation: You are covered in slimy tendrils that may
                  | disarm your opponents. [Jiyva's grace]
 63967 | D:1      | Lost mutation: Your translucent skin reduces your foes'
                  | accuracy. (Stealth+) [Jiyva's grace]
 63992 | D:$      | Escaped with the Orb!

Illustrated notes

Levels and vault maps discovered:
D:1:      lightli_arrival_noodles, layout_rooms,
          hellmonk_ecumenical_altar_leap_of_faith, serial_curves,
          eino_curves_03, eino_curves_02, minmay_circled_x
D:2:      layout_rooms, basic_altar, lemuel_another_geyser, uniq_terence
D:3:      layout_basic, mainiacjoe_overflow_chevrons, serial_forest,
          infiniplex_forest_straight_2, infiniplex_forest_clump_medium,
          infiniplex_forest_clump_small, infiniplex_forest_lined_1,
          roderic_batcave, minmay_misc_feat_hallway,
          chequers_serial_rivers_micro_a, wad_rectangle_vault, uniq_sigmund
D:4:      layout_rooms, nicolae_uskayaw_dance_hall,
          nicolae_qazlal_style_of_elements
D:5:      layout_loops_ring, uniq_pikel
D:6:      layout_loops_corners, nicolae_stop_n_shop_2, minivault_27,
          minmay_misc_feat_chi
D:7:      layout_loops_cross, mainiacjoe_overflow_six_doors_small,
          minmay_temple_entry_offerings, corexii_leaking_fountain, uniq_harold
D:8:      layout_basic, tgw_sif
D:9:      layout_loops_ring, grunt_dithmenos_shadows
D:10:     layout_rooms, david_orc_3, nicolae_trove_entry_crossroad,
          serial_shops, nicolae_stop_n_shop_1
D:11:     layout_loops_corners, minmay_lair_entry_grove, serial_shops,
          shop_scrolls, hellmonk_guarded_unrand_cigotuvi
D:12:     minmay_the_grid_triangle_9x9_recursive_3
          [minmay_the_grid_triangle_9x9_corruption,
          minmay_the_grid_triangle_9x9_longest,
          minmay_the_grid_triangle_9x9_sparse_checkered,
          minmay_the_grid_triangle_9x9_prize_top_heavy,
          minmay_the_grid_triangle_9x9_warning,
          minmay_the_grid_triangle_9x9_limited_checkers,
          minmay_the_grid_triangle_9x9_pentomino_pain,
          minmay_the_grid_triangle_9x9_negative_grid,
          minmay_the_grid_triangle_9x9_swiss_cheese], layout_stronghold,
          enter_bailey_3, serial_shops, shop
D:13:     layout_irregular_city, serial_rivers, chequers_serial_rivers_room_a,
          chequers_serial_rivers_micro_b, chequers_serial_rivers_room_b,
          chequers_serial_rivers_large_b, chequers_serial_rivers_small_3
D:14:     layout_loops_corners, erik_vaults_2, chequers_serial_rivers_small_a,
          special_room [special_room_bee], minmay_splitting_lines,
          minmay_shop_grid_forest, chequers_serial_rivers_micro_c,
          nicolae_xom_altar_mimics, uniq_nessos
D:15:     grunt_enter_depths_snipers, layout_basic,
          chequers_serial_rivers_marsh, eino_house_with_fridge
Lair:1:   layout_gridlike, amcnicky_altar_lugonu_corruption
Lair:2:   layout_chaotic_city, nicolae_swamp_entry_splash_gauntlet,
          minmay_lair_oklob_chamber
Lair:3:   layout_misc_corridors, minmay_snake_entry_spellcaster,
          serial_bayou_shore_a
Lair:4:   gammafunk_worm_tunnel, layout_misc_corridors, ebering_ghost_xom,
          uniq_kirke
Lair:5:   layout_gridlike, slime_altar_2, gauntlet_entry_generic, tgw_fedhas,
          infiniplex_staircase_pool, serial_bayou_shore_b
Lair:6:   grunt_lair_end_beastmaster, layout_hall_layers, grunt_megastairs_5,
          serial_bayou_shore_b
Swamp:1:  layout_falls_marsh, nicolae_swamp_small_spring
Swamp:2:  layout_basic_swamp, infiniplex_staircase_pool_2, swamp_pool3
Swamp:3:  layout_basic_swamp, evilmike_swamp_ruin_house_5, swamp_pool3,
          nicolae_swamp_stuck_in_the_mud
Swamp:4:  swamp_alternative, layout_basic_swamp
Snake:1:  layout_layer_cave, serial_shops,
          nicolae_shop_competitors_out_of_business, guppyfry_library_mini,
          minmay_shop_star, uniq_josephine
Snake:2:  layout_layer_cave
Snake:3:  gammafunk_sealed_library, layout_chambers,
          hangedman_snake_corridor_split
Snake:4:  snake_pit_salamanders_mu, layout_cave_town,
          nicolae_snake_serpentine_hallways, uniq_nikola
Slime:1:  layout_caves
Slime:2:  layout_caves
Slime:3:  layout_caves, cheibrodos_slime_lost_civilization_5
Slime:4:  layout_caves
Slime:5
Orc:1:    layout_diamond_mine, bh_open_orc_temple
Orc:2:    st_orc_elflike, layout_diamond_mine, hangedman_minor_magic,
          uniq_donald
Elf:1:    eino_elf_arrival_shootout, layout_onion_city, serial_shops,
          shop_fountains, minmay_elf_sorcery, grunt_ministairs_3
Elf:2:    layout_onion_city, uniq_louise
Elf:3:    elf_hall, layout_geoelf_diagonals
Vaults:1: nicolae_vaults_what_the_h, ontoclasm_vaults_eye, v_misc_12,
          ontoclasm_vaults_bender, vaults_room_door_ring,
          grunt_vaults_hallway_short, ontoclasm_vaults_misaligned,
          layout_vaults_quadrants, serial_glass
Vaults:2: hangedman_vaults_corner, nicolae_vaults_angled_halls,
          dpeg_vaults_pockets_of_resistance, v_misc_25, v_misc_1,
          nicolae_vaults_diagonal_hallway_6, v_misc_25,
          minmay_crypt_entry_necro_gods, v_rooms_4, v_misc_11,
          ontoclasm_vaults_twist, ontoclasm_vaults_decontamination,
          hangedman_vaults_snaps, layout_vaults_omnicross
Vaults:3: advil_vaults_ghost_guards, vaults_room_corners,
          nicolae_vaults_network_star, v_alt_pattern_1, v_rooms_1,
          nicolae_vaults_stairing_the_circle, grunt_vaults_trifunnel, v_misc_23,
          special_room_vaults [special_room_orc], serial_ice_b,
          nicolae_vaults_rhombus_5, v_rooms_5, ontoclasm_vaults_ring_small,
          layout_vaults_omnibox, portal_desolation_entry_nicolae_nacl,
          uniq_xtahua
Vaults:4: gammafunk_vaults_ghost_grave, nicolae_vaults_circle_grid_a, v_misc_8,
          nicolae_vaults_circle_grid_b, hangedman_vaults_capsules,
          ontoclasm_vaults_ring_large, nicolae_vaults_yaktaur_gun_rack,
          ontoclasm_vaults_tryst, nicolae_vaults_sealed_display,
          dpeg_vaults_monster_box, v_misc_10, layout_vaults_big_room
Vaults:5: serial_shops
Depths:1: layout_roguey, serial_co_window_serial, co_window_of_opportunity_a,
          co_window_of_opportunity_a, co_window_of_opportunity_a,
          co_window_corner_a, co_window_paths_a, co_window_corner_cb,
          co_window_corner_ca, co_window_corner_ca, co_window_paths_c,
          co_window_paths_c, co_window_4corner_a, co_window_paths_e,
          glass_columns_a, hell_entry, patterned_corridor, serial_bayou_shore_b
Depths:2: minmay_tile_spiral, layout_basic, enter_ziggurat_c,
          minmay_misc_feat_ornament, nicolae_abyss_entry_one_way_or_another,
          hell_entry, nicolae_kikubaaqudgha_miasma_corner
Depths:3: little_maze_vault, layout_honeycomb, serial_rivers,
          chequers_serial_rivers_large_a, chequers_serial_rivers_room_b,
          chequers_serial_rivers_room_a, chequers_serial_rivers_micro_c,
          chequers_serial_rivers_small_b, ashenzari_altar_1, hell_entry,
          rand_demon_pan_entry_9, nicolae_transmutations_shop
Depths:4: nzn_winding_woodlands_huge [nzn_winding_woodlands_5x15_parted,
          nzn_winding_woodlands_5x15_sawtooth,
          nzn_winding_woodlands_5x15_default, nzn_winding_woodlands_5x15_cabin,
          nzn_winding_woodlands_5x15_eye,
          nzn_winding_woodlands_5x15_river_crossing,
          nzn_winding_woodlands_5x15_concentric,
          nzn_winding_woodlands_5x15_jagged, nzn_winding_woodlands_5x15_default,
          nzn_winding_woodlands_5x15_twine,
          nzn_winding_woodlands_center_diamonds,
          nzn_winding_woodlands_center_garden,
          nzn_winding_woodlands_15x15_boxy_spiral], layout_gridlike,
          serial_shops, nicolae_take_the_stairs, fountainhead, hell_entry,
          abyss_entry, nrook_uturn
Depths:5: grunt_zot_entry_tricorne, layout_basic, pf_vacation_house_of_asmodeus,
          serial_shops, nicolae_shop_window_shopping, shop,
          abyss_entry_glasseish, grunt_megastairs_3, uniq_margery
Zot:1:    layout_basic
Zot:2:    hangedman_orp_of_zott, layout_misc_corridors
Zot:3:    layout_cathedral_of_symmetry
Zot:4:    evilmike_crystal_ball_defense, layout_gridlike, grunt_ministairs_4,
          st_small_dragon_hoard_5, lemuel_baited_zot_trap
Zot:5:    layout_cathedral_of_symmetry, ebering_ghost_inner_flame

Skill      XL: |  1  2  3  4  5  6  7  8  9 10 11 12 13 14 15 16 17 18 19 20 21 22 23 24 25 26 27 |
---------------+----------------------------------------------------------------------------------+-----
Fighting       | 4 6 8 9 10 12 13 14 15 16 17 18 19 20 21 22 23 24 26 27 | 27.0
Long Blades    | 4 5 6 7 8 10 11 13 14 15 16 | 16.0
Armour         | 1 2 4 5 7 8 10 11 12 13 14 15 16 17 18 19 21 23 26 | 26.7
Dodging        | 4 5 6 8 10 11 12 13 14 15 16 17 18 19 20 22 | 22.5
Throwing       | 2 3 5 6 7 9 10 11 12 13 14 16 | 16.0
Evocations     | 2 4 6 8 9 10 11 12 13 14 15 17 | 17.7
Shields        | 4 6 10 12 14 15 | 15.0
Translocations | 4 7 8 9 10 | 10.0
Spellcasting   | 4 5 |  5.0
Short Blades   | 4 7 9 10 | 10.6
Stealth        | |  1.5

Action                   |  1- 3 |  4- 6 |  7- 9 | 10-12 | 13-15 | 16-18 | 19-21 | 22-24 | 25-27 || total
-------------------------+-------+-------+-------+-------+-------+-------+-------+-------+-------++-------
Melee: Falchion          |    72 |   105 |   186 |   540 |   197 |       |       |       |       ||  1100
       Headbutt          |    14 |    20 |    47 |   189 |   319 |   388 |   540 |   521 |   962 ||  3000
       Short sword       |       |       |       |    11 |    23 |       |       |       |       ||    34
       Long sword        |       |       |       |       |   611 |   878 |  1232 |  1108 |  2154 ||  5983
       Pseudopods        |       |       |       |       |    92 |   261 |    80 |       |   300 ||   733
       Rapier            |       |       |       |       |       |    40 |       |    98 |       ||   138
       Bite              |       |       |       |       |       |       |    47 |   280 |   322 ||   649
Throw: Stone             |    44 |     8 |    19 |       |       |    58 |    10 |    11 |     1 ||   151
       Throwing net      |       |       |       |     2 |     1 |       |       |       |     1 ||     4
       Dart              |       |       |       |     1 |     1 |       |     1 |       |       ||     3
       Boomerang         |       |       |       |    90 |    11 |    69 |   207 |   214 |       ||   591
       Javelin           |       |       |       |       |       |       |     1 |       |    16 ||    17
 Cast: Apportation       |       |       |       |       |       |     1 |     2 |     1 |    14 ||    18
       Blink             |       |       |       |       |       |       |       |       |     1 ||     1
Invok: Request Jelly     |       |     2 |     1 |     3 |     2 |     5 |     1 |       |     2 ||    16
       Cure Bad Mutation |       |       |       |       |       |       |     1 |       |     4 ||     5
       Slimify           |       |       |       |       |       |       |     1 |       |       ||     1
Evoke: Wand              |       |       |       |     5 |     3 |       |     2 |     4 |     5 ||    19
       Lightning rod     |       |       |       |     2 |     5 |     8 |     4 |    11 |    11 ||    41
       Condenser vane    |       |       |       |       |     3 |     6 |     7 |     8 |    10 ||    34
       Phial of floods   |       |       |       |       |       |     4 |       |       |     1 ||     5
       Phantom mirror    |       |       |       |       |       |       |     1 |       |     3 ||     4
       Box of beasts     |       |       |       |       |       |       |       |     2 |     6 ||     8
  Use: Potion            |     2 |     1 |       |       |       |       |       |     1 |    11 ||    15
       Scroll            |       |     1 |     4 |    13 |     4 |     6 |    13 |     4 |    18 ||    63
 Stab: Held in net/web   |       |       |       |     2 |       |       |       |       |     2 ||     4
       Sleeping          |       |       |       |     1 |     7 |     8 |       |     1 |       ||    17
       Distracted        |       |       |       |       |     2 |       |       |     1 |     7 ||    10
       Petrified         |       |       |       |       |     3 |       |       |       |       ||     3
       Petrifying        |       |       |       |       |     1 |       |       |       |       ||     1
       Confused          |       |       |       |       |       |       |       |       |    31 ||    31
Armor: Leather armour    |    14 |    31 |       |       |       |       |       |       |       ||    45
       Robe              |     1 |       |       |       |       |       |       |       |       ||     1
       Ring mail         |       |       |    42 |   185 |   131 |   143 |       |       |       ||   501
       Chain mail        |       |       |       |       |       |       |   182 |   178 |   350 ||   710
Dodge: Dodged            |    40 |    67 |    76 |   207 |   262 |   526 |   436 |   416 |   676 ||  2706
Block: Other             |       |       |     7 |    24 |       |       |       |       |       ||    31
       Reflection        |       |       |       |     2 |    43 |    59 |    32 |    42 |    59 ||   237
       Buckler           |       |       |       |   174 |   130 |       |       |       |       ||   304
       Kite shield       |       |       |       |       |   276 |   596 |   495 |   552 |   936 ||  2855
       Rpst.: Falchion   |    10 |    21 |    17 |    43 |    12 |       |       |       |       ||   103
       Long sword        |       |       |       |       |    44 |    62 |    77 |    51 |    96 ||   330

Table legend: (Time is in decaauts)
 A = Elapsed time spent in this place.
 B = Non-inter-level travel time spent in this place.
 C = Inter-level travel time spent in this place.
 D = Time resting spent in this place.
 E = Time spent auto-exploring this place.
 F = Levels seen in this place.
 G = Mean time per level.
                   A        B        C        D        E       F      G
               +--------+--------+--------+--------+--------+-----+--------+
         Total |  60414 |  55087 |   5327 |   1375 |  37078 |  58 | 1041.6 |
       Dungeon |  17813 |  15488 |   2325 |    255 |  11606 |  15 | 1187.5 |
          Lair |   6867 |   6139 |    728 |    229 |   4364 |   6 | 1144.5 |
         Swamp |   3103 |   2919 |    184 |     34 |   2153 |   4 |  775.8 |
     Snake Pit |   5326 |   4909 |    417 |     48 |   3353 |   4 | 1331.5 |
    Slime Pits |    182 |    116 |     66 |      0 |      0 |   5 |   36.4 |
  Orcish Mines |   2055 |   1658 |    397 |     49 |   1017 |   2 | 1027.5 |
   Elven Halls |   3782 |   3531 |    251 |    104 |   2160 |   3 | 1260.7 |
        Vaults |   6288 |   6059 |    229 |     27 |   3917 |   5 | 1257.6 |
        Depths |   7596 |   7123 |    473 |     73 |   5013 |   5 | 1519.2 |
           Zot |   5496 |   5242 |    254 |    387 |   2985 |   5 | 1099.2 |
         Trove |     47 |     47 |      0 |      0 |      0 |   1 |   47.0 |
        Bailey |    422 |    422 |      0 |      0 |    148 |   1 |  422.0 |
    Desolation |    974 |    974 |      0 |      0 |    223 |   1 |  974.0 |
      Gauntlet |    458 |    458 |      0 |    169 |    138 |   1 |  458.0 |
               +--------+--------+--------+--------+--------+-----+--------+

Top non-repeatable levels by time:
    D:11: 1981 daAuts
Depths:5: 1909 daAuts
    D:12: 1839 daAuts
  Lair:1: 1765 daAuts
     D:3: 1711 daAuts
Depths:3: 1678 daAuts
   Zot:4: 1638 daAuts
     D:1: 1633 daAuts
 Snake:4: 1563 daAuts
 Snake:3: 1451 daAuts
 Swamp:1: 1450 daAuts
Depths:4: 1445 daAuts
   Zot:2: 1420 daAuts
   Elf:3: 1335 daAuts
Vaults:3: 1322 daAuts
